 Dungeon Crawl Stone Soup version 0.17-a0-737-gf0a300a (webtiles) character file.

28840 Marien the Protected (level 13, 0/113 HPs)
             Began as a Hill Orc Fighter on Apr 27, 2015.
             Was a High Priest of Kikubaaqudgha.
             Succumbed to a hornet's poison
             ... on level 14 of the Dungeon.
             The game lasted 01:49:24 (23287 turns).

Marien the Protected (Hill Orc Fighter)            Turns: 23287, Time: 01:49:24

Health: 0/113      AC: 22    Str: 22    XL:     13   Next: 41%
Magic:  13/13      EV:  6    Int: 10    God:    Kikubaaqudgha [*****.]
Gold:   383        SH: 14    Dex: 12    Spells: 2 memorised, 6 levels left

rFire  + . .     SeeInvis .     i - +2 long sword (elec)
rCold  . . .     Clarity  .     L - +0 plate armour
rNeg   + + .     SustAb   .     c - +1 shield
rPois  +         Gourm    .     (no helmet)
rElec  .         Spirit   .     M - +2 cloak {rPois}
rCorr  .         Warding  +     G - +0 pair of gloves
rMut   .         Stasis   .     H - +0 pair of boots
MR     .....                    K - amulet of warding
Stlth  ..........               V - ring of protection from fire
                                y - ring of positive energy

@: lethally poisoned (0 -> -4), not resistant to hostile enchantments, extremely
unstealthy
A: clever 1, low mp 1
a: Receive Corpses, Torment, Renounce Religion


You were on level 14 of the Dungeon.
You worshipped Kikubaaqudgha.
Kikubaaqudgha was extremely pleased with you.
You were hungry.

You visited 1 branch of the dungeon, and saw 15 of its levels.

You collected 941 gold pieces.
You spent 558 gold pieces at shops.

Inventory:

Hand weapons
 i - a +2 long sword of electrocution (weapon)
Missiles
 v - 12 tomahawks
 x - a javelin (quivered)
Armour
 c - a +1 shield (worn)
 E - a +0 ice dragon armour
 G - a +0 pair of gloves (worn)
 H - a +0 pair of boots (worn)
 L - a +0 plate armour (worn)
 M - a +2 cloak of poison resistance (worn)
 X - a +0 plate armour of fire resistance
Jewellery
 y - a ring of positive energy (left hand)
 F - an uncursed ring of ice
 K - an amulet of warding (around neck)
 V - a ring of protection from fire (right hand)
Magical devices
 N - a wand of disintegration (7)
Scrolls
 f - 2 scrolls of remove curse
 h - a scroll of fear
 k - 5 scrolls of enchant weapon
 o - 4 scrolls of amnesia
 q - 2 scrolls of enchant armour
 t - 5 scrolls of magic mapping
 u - 2 scrolls of recharging
 B - 3 scrolls of teleportation
 D - a scroll of noise {unknown}
 R - a scroll of torment {unknown}
 U - a scroll of holy word {unknown}
Potions
 a - a potion of invisibility {unknown}
 b - 2 potions of magic {unknown}
 l - 2 potions of cure mutation
 r - a potion of restore abilities
 w - a potion of berserk rage {unknown}
 z - 2 potions of curing {unknown}
 C - a potion of agility
 I - 2 potions of poison {unknown}
 O - 3 potions of flight
 P - a potion of resistance
 Q - 2 potions of degeneration {unknown}
 T - a potion of brilliance
Comestibles
 e - 4 bread rations
 m - 5 meat rations
 s - 7 beef jerkies
 A - a fruit
 J - 8 slices of pizza


   Skills:
 - Level 10.1 Fighting
 - Level 10.3 Long Blades
 - Level 10.2 Throwing
 + Level 12.0 Armour
 + Level 11.9 Shields
 - Level 1.3 Spellcasting
 - Level 5.0 Necromancy


You had 6 spell levels left.
You knew the following spells:

 Your Spells              Type           Power        Failure   Level  Hunger
a - Control Undead        Necr           ##........   100%        4    #####..
b - Animate Dead          Necr           N/A          100%        4    #####..


Dungeon Overview and Level Annotations

Branches:
Dungeon (15/15)            Temple (0/1) D:5            Lair (0/8) D:11
    Orc (0/4) D:12
 Vaults: D:13-14     Depths: D:15

Altars:
Ashenzari
Gozag
Kikubaaqudgha
Makhleb
Nemelex Xobeh
Ru
Sif Muna
Trog
Xom
Yredelemnul

Shops:
D:12 *   D:13 [   D:15 *

Annotations:
D:10 Maud
D:11 Fannar
D:15 ontamu's ghost, mighty GrFi


Innate Abilities, Weirdness & Mutations

Your mind is acute. (Int +2)
Your magical capacity is low (-10% MP).


Message History

* * * LOW HITPOINT WARNING * * *
You feel sick. You block the hornet's attack.
You feel yourself speed up.
* * * LOW HITPOINT WARNING * * *
You feel sick. You block the hornet's attack. The hornet barely misses you.
* * * LOW HITPOINT WARNING * * *
You feel sick.
* * * LOW HITPOINT WARNING * * *
You feel sick. You block the hornet's attack.
The hornet stings you but does no damage.
* * * LOW HITPOINT WARNING * * *
You feel sick.
* * * LOW HITPOINT WARNING * * *
You feel sick. You block the hornet's attack.
A gargoyle comes into view. It is wielding a flail.
* * * LOW HITPOINT WARNING * * *
You feel sick.
The hornet stings you but does no damage.
You die...
Kikubaaqudgha rasps: "You have failed me!
Welcome... death!"

. . ...#.......#
#.#...
..........#
#.#...
..........#
#....
...........
#...# ....######
#.9.# ##. #.
#...# #. #.
#...+ #.
#.@.##### ##
#.#.#...# ##
#y..#...## #$#
#s..#...#y# #.#
#...#...##.# #)#
#.#.#...#.#.#(#
#...#...##.#.#
#...###'#.#.#.#
#.#.....##.#.#.#


You could see a hornet, a gargoyle and a scorpion.

Vanquished Creatures
  A hydra (D:14)
  2 centaur warriors
  A wizard (D:15)
  2 ice devils (D:14)
  A fire crab (D:14)
  An unseen horror (D:15)
  2 orc knights (D:15)
  2 hill giants
  4 ugly things
  A manticore (D:15)
  7 cyclopes
  An elephant (D:11)
  A gargoyle (D:13)
  2 kobold demonologists (D:15)
  A troll (D:9)
  A komodo dragon (D:14)
  5 two-headed ogres
  Grinder (D:6)
  Prince Ribbit (D:9)
  6 wyverns
  15 yaks
  A trapdoor spider (D:14)
  4 deep elf magi
  A shadow (D:13)
  3 wraiths
  A deep elf fighter (D:14)
  4 vampire mosquitoes (D:15)
  A hungry ghost (D:14)
  A soldier ant (D:12)
  A human (D:7)
  5 hippogriffs
  A warg (D:15)
  3 water moccasins
  A mottled dragon (D:13)
  A trapdoor spider simulacrum (D:14)
  3 eyes of draining
  A necrophage (D:9)
  6 orc warriors
  2 wasps
  3 sky beasts
  2 black bears (D:8)
  A phantom (D:12)
  A crocodile (D:11)
  6 ogres
  7 centaurs
  A wyvern zombie (D:14)
  13 giant frogs
  5 big kobolds (D:15)
  2 wyvern skeletons
  2 scorpions
  13 wights
  6 jellies
  2 goliath beetles (D:11)
  5 electric eels
  14 killer bees
  2 centaur zombies
  4 orc priests
  6 crimson imps
  Crazy Yiuf (D:7)
  12 hounds
  3 centaur skeletons
  3 giant frog skeletons
  7 orc wizards
  17 worker ants
  13 sheep
  A hound zombie (D:10)
  2 hound skeletons
  A worker ant zombie (D:9)
  6 gnolls
  14 adders
  A shadow imp (D:8)
  2 adder skeletons (D:4)
  6 worms
  10 giant geckos
  50 orcs
  26 bats
  A bat skeleton (D:6)
  6 giant cockroaches
  10 goblins
  13 hobgoblins
  5 jackals
  19 kobolds
  A ball python (D:2)
  A giant gecko zombie (D:6)
  8 giant newts
  A jackal skeleton (D:3)
  4 quokkas
  A quokka skeleton (D:7)
  15 rats
453 creatures vanquished.

Vanquished Creatures (collateral kills)
  A giant frog (D:10)
1 creature vanquished.

Vanquished Creatures (others)
  A hill giant (D:15)
  An orc warrior (D:15)
  A centaur (D:14)
  2 orcs (D:15)
  A plant (D:10)
6 creatures vanquished.

Grand Total: 460 creatures vanquished

Notes
Turn   | Place    | Note
--------------------------------------------------------------
     0 | D:1      | Marien, the Hill Orc Fighter, began the quest for the Orb.
     0 | D:1      | Reached XP level 1. HP: 19/19 MP: 1/1
    70 | D:1      | Reached XP level 2. HP: 21/27 MP: 2/2
   156 | D:1      | Reached skill level 4 in Fighting
   444 | D:1      | Reached XP level 3. HP: 28/33 MP: 3/3
   836 | D:2      | Reached skill level 1 in Throwing
  1316 | D:2      | Reached XP level 4. HP: 37/40 MP: 4/4
  1960 | D:3      | Reached XP level 5. HP: 37/46 MP: 5/5
  2695 | D:2      | Reached XP level 6. HP: 29/52 MP: 6/6
  3451 | D:4      | Reached skill level 5 in Long Blades
  3452 | D:4      | Found an ancient bone altar of Kikubaaqudgha.
  3461 | D:4      | Became a worshipper of Kikubaaqudgha
  3816 | D:5      | Entered Level 5 of the Dungeon
  3876 | D:5      | Found a shattered altar of Ashenzari.
  3879 | D:5      | Found a basalt altar of Yredelemnul.
  4137 | D:5      | Found a bloodstained altar of Trog.
  4140 | D:5      | Found an opulent altar of Gozag.
  4491 | D:5      | Found a staircase to the Ecumenical Temple.
  4507 | D:5      | Reached XP level 7. HP: 52/59 MP: 7/7
  4673 | D:5      | Reached skill level 6 in Long Blades
  4732 | D:5      | Acquired Kikubaaqudgha's first power
  4732 | D:5      | Received a gift from Kikubaaqudgha
  4733 | D:5      | Identified Kikubaaqudgha's Guide on Evil (Kikubaaqudgha gifted it to you on level 5 of the Dungeon)
  4739 | D:5      | Learned a level 4 spell: Control Undead
  5128 | D:6      | Reached skill level 5 in Throwing
  5457 | D:6      | Reached skill level 7 in Long Blades
  5457 | D:6      | Reached XP level 8. HP: 32/66 MP: 8/8
  6493 | D:6      | Noticed Grinder
  6529 | D:6      | Killed Grinder
  6867 | D:6      | Reached skill level 8 in Long Blades
  7346 | D:7      | Acquired Kikubaaqudgha's second power
  7578 | D:7      | Reached XP level 9. HP: 71/71 MP: 9/9
  7587 | D:7      | Reached skill level 9 in Long Blades
  8051 | D:7      | Noticed Crazy Yiuf
  8058 | D:7      | Killed Crazy Yiuf
  8455 | D:10     | Entered Level 10 of the Dungeon
  8829 | D:9      | Found a deep blue altar of Sif Muna.
  8971 | D:9      | Noticed Prince Ribbit
  8973 | D:9      | Reached skill level 10 in Long Blades
  9003 | D:9      | Killed Prince Ribbit
  9115 | D:9      | Found a burning altar of Makhleb.
  9281 | D:9      | Reached skill level 5 in Fighting
  9284 | D:9      | Reached XP level 10. HP: 49/82 MP: 10/10
  9306 | D:9      | Received a gift from Kikubaaqudgha
  9313 | D:9      | Reached skill level 10 in Throwing
  9349 | D:9      | Identified Kikubaaqudgha's Almanac of Black Secrets (Kikubaaqudgha gifted it to you on level 9 of the Dungeon)
  9565 | D:9      | Learned a level 4 spell: Animate Dead
  9698 | D:9      | Reached skill level 1 in Necromancy
 10122 | D:9      | Noticed a hill giant
 10126 | D:9      | Noticed a cyclops
 10674 | D:8      | Found a sacrificial altar of Ru.
 12083 | D:9      | Found a burning altar of Makhleb.
 12084 | D:9      | Found a shimmering altar of Xom.
 12094 | D:9      | Reached XP level 11. HP: 67/97 MP: 11/11
 12275 | D:9      | Killed a cyclops
 12275 | D:9      | Acquired Kikubaaqudgha's third power
 12275 | D:9      | Reached skill level 5 in Necromancy
 12445 | D:10     | Found a sparkling altar of Nemelex Xobeh.
 12487 | D:10     | Reached skill level 10 in Fighting
 12506 | D:10     | Reached skill level 1 in Spellcasting
 12614 | D:10     | HP: 4/99 [something (4)]
 12615 | D:10     | HP: 1/99 [something (4)]
 12616 | D:10     | Noticed an unseen horror
 13522 | D:11     | Noticed Maud
 15287 | D:11     | Noticed Fannar
 15818 | D:11     | Found a staircase to the Lair.
 16219 | D:11     | Killed a hill giant
 16219 | D:11     | Reached skill level 5 in Armour
 16240 | D:11     | Reached skill level 5 in Shields
 17856 | D:12     | Found a staircase to the Orcish Mines.
 18052 | D:12     | Found Onoyr's General Store.
 18060 | D:12     | Bought an uncursed amulet of regeneration for 510 gold pieces
 18548 | D:12     | Reached XP level 12. HP: 106/106 MP: 0/13
 18862 | D:13     | Found Emochot's Antique Armour Shoppe.
 18960 | D:13     | Acquired Kikubaaqudgha's fourth power
 20213 | D:14     | You fall through a shaft!
 20213 | D:15     | Entered Level 15 of the Dungeon
 20345 | D:15     | Noticed a centaur warrior
 20421 | D:15     | Killed a centaur warrior
 20748 | D:15     | Reached skill level 10 in Armour
 20775 | D:15     | Found Suodd's General Store.
 20780 | D:15     | Bought a scroll of identify for 24 gold pieces
 20780 | D:15     | Bought a scroll of identify for 24 gold pieces
 20782 | D:15     | Gained mutation: Your mind is acute. (Int +2) [potion of mutation]
 20782 | D:15     | Gained mutation: Your magical capacity is low (-10% MP). [potion of mutation]
 20822 | D:15     | Reached skill level 10 in Shields
 21558 | D:15     | Reached XP level 13. HP: 100/113 MP: 13/13
 21576 | D:15     | Reached skill level 11 in Armour
 21998 | D:14     | You fall through a shaft!
 22142 | D:15     | Noticed ontamu's ghost (mighty GrFi)
 22204 | D:15     | Noticed a centaur warrior
 22206 | D:15     | Noticed a six-headed hydra
 22905 | D:14     | Noticed a five-headed hydra
 22916 | D:14     | Killed a ten-headed hydra
 23247 | D:14     | Reached skill level 12 in Armour
 23280 | D:14     | HP: 4/113 [poisoned by a hornet]
 23284 | D:14     | HP: 1/113 [poisoned by a hornet]
 23287 | D:14     | Succumbed to a hornet's poison

Action                   |  1- 3 |  4- 6 |  7- 9 | 10-12 | 13-15 || total
-------------------------+-------+-------+-------+-------+-------++-------
Melee: Long sword        |   113 |   274 |   264 |   130 |   150 ||   931
       Falchion          |       |       |   263 |  1427 |       ||  1690
Throw: Tomahawk          |       |     5 |     2 |    62 |     7 ||    76
       Javelin           |       |     2 |       |     9 |    20 ||    31
Evoke: Wand              |       |       |       |     5 |       ||     5
  Use: Scroll            |     2 |     3 |     1 |    21 |     3 ||    30
       Potion            |       |       |     4 |     5 |     2 ||    11
  Eat: Chunk             |     1 |    11 |    16 |    34 |     1 ||    63
       Bread ration      |       |       |       |     2 |     1 ||     3
